 Dungeon Crawl Stone Soup version 0.28.0 (webtiles) character file.

Game seed: 8101965014522314364

1 Arckaon the Stinger (level 1, 0/9 HPs)
             Began as a Spriggan Venom Mage on Feb 15, 2022.
             Slain by a quokka (5 damage)
             ... on level 1 of the Dungeon.
             The game lasted 00:01:38 (75 turns).

Arckaon the Stinger (Spriggan Venom Mage)             Turns: 75, Time: 00:01:39

Health: 0/9        AC:  2    Str:  4    XL:     1   Next: 16%
Magic:  5/5        EV: 17    Int: 16    God:
Gold:   5          SH:  0    Dex: 15    Spells: 4/5 levels left

rFire   . . .      SeeInvis +   c - +0 hand axe
rCold   . . .      Faith    .   (no shield)
rNeg    . . .      Spirit   .   a - +0 robe
rPois   .          Reflect  .   (helmet restricted)
rElec   .          Harm     .   (no cloak)
rCorr   .          Rampage  .   (gloves unavailable)
Will    .....                   (boots unavailable)
Stlth   ++........              (no amulet)
HPRegen 0.03/turn               (no ring)
MPRegen 0.09/turn               (no ring)

@: very quick
A: very small, no large weapons, unfitting armour, see invisible, speed 3
a: no special abilities


You were on level 1 of the Dungeon.
You visited 1 branch of the dungeon, and saw 1 of its levels.

You collected 5 gold pieces.

Inventory:

Hand Weapons
 b - a +0 club
 c - a +0 hand axe (weapon)
 d - a +0 hand axe
Armour
 a - a +0 robe (worn)
Jewellery
 e - a +6 ring of dexterity


   Skills:
 + Level 2.6 Dodging
 + Level 3.0 Stealth
 + Level 2.6 Spellcasting
 + Level 1.3 Transmutations
 + Level 3.1 Poison Magic


You had 4 spell levels left.
You knew the following spells:

 Your Spells              Type           Power      Damage    Failure   Level
a - Sting                 Tmut/Pois      36%        1d4       8%          1

Your spell library contained the following spells:

 Spells                   Type           Power      Damage    Failure   Level
 Poisonous Vapours        Pois/Air       14%        N/A       16%         2
 Mephitic Cloud           Conj/Pois/Air  5%         N/A       36%         3
 Olgreb's Toxic Radiance  Pois           12%        N/A       47%         4


Dungeon Overview and Level Annotations

Branches:
Dungeon (1/15)

Altars:


Innate Abilities, Weirdness & Mutations

You are very small and have problems with some larger weapons.
You are too small for most types of armour.
You have supernaturally acute eyesight. (SInv)
You cover ground extremely quickly. (Speed+++)


Message History

The frilled lizard bites you but does no damage.
You hit the frilled lizard.
You kill the frilled lizard!
You see here a frilled lizard corpse.
You see here a +0 hand axe.
d - a +0 hand axe
Found a large copper ring.
Found a stone staircase leading down.
You now have 5 gold pieces.
A ball python comes into view.
A ball python is nearby!
Found an escape hatch in the floor.
A quokka comes into view.
The ball python hisses angrily.
You see here a +6 ring of dexterity.
e - a +6 ring of dexterity You barely miss the ball python.
The ball python closely misses you. x2
The ball python bites you. The ball python grabs you.
The ball python constricts you.
You closely miss the ball python. The ball python closely misses you.
The ball python constricts you.
You hit the ball python.
You kill the ball python!
A bat comes into view.
Found 11 sling bullets.
You closely miss the quokka. The quokka closely misses you.
You hit the quokka.
The quokka is heavily wounded.
The quokka barely misses you. The quokka completely misses you.
You closely miss the quokka.
The quokka is heavily wounded.
The quokka barely misses you. x2
You hit the quokka but do no damage.
The quokka is heavily wounded.
The quokka closely misses you.
You barely miss the quokka.
The quokka is heavily wounded.
The quokka bites you. x2
Ouch! That really hurt!
You die...

..# #.........#.......
....#.................
...............#.#####
..#...........##.
##..........# #
#....>.....## ##..
#...........### ..b.#
#.............#...###
#.............@.......
#...........###r..#...
...####.##### #......
##. #.# (.##.. #. ...
. #. .... ###.


You could see a quokka and a bat (asleep).

Vanquished Creatures
  A ball python (D:1)
  A frilled lizard (D:1)
2 creatures vanquished.

Notes
Turn   | Place    | Note
-------+----------+-------------------------------------------
     0 | D:1      | Arckaon the Spriggan Venom Mage began the quest for the
                  | Orb.
     0 | D:1      | Reached XP level 1. HP: 9/9 MP: 5/5
    75 | D:1      | Slain by a quokka

Illustrated notes

Levels and vault maps discovered:
D:1:      doesnt_arrival_eight_statues, layout_rooms,
          ebering_ecumenical_altar_petrified

Action                   || total
-------------------------++-------
Melee: Hand axe          ||    10
Armor: Robe              ||     1
Dodge: Dodged            ||     9
